 Dungeon Crawl Stone Soup version 0.30-a0-782-ge64f9170bb (webtiles) character file.

Game seed: 5249099933367583368

4110 Barriton the Destroyer (level 10, -12/78 HPs)
             Began as a Black Draconian Conjurer on Feb 21, 2023.
             Mangled by a death yak (20 damage)
             ... on level 8 of the Dungeon.
             The game lasted 00:23:20 (9838 turns).

Barriton the Destroyer (Black Draconian Conjurer)   Turns: 9838, Time: 00:23:20

Health: -12/78     AC:  7    Str: 10    XL:     10   Next: 6%
Magic:  10/21      EV: 13    Int: 28    God:
Gold:   618        SH:  0    Dex: 10    Spells: 14/24 levels left

rFire   . . .      SeeInvis +    t - staff of death
rCold   . . .      Faith    .    (no shield)
rNeg    + . .      Spirit   .    (body armour unavailable)
rPois   .          Reflect  .    (helmet restricted)
rElec   +          Harm     .    (no cloak)
rCorr   .          Rampage  .    (no gloves)
Will    .....                    (no boots)
Stlth   ++                       (no amulet)
HPRegen 0.33/turn                d - +6 ring of intelligence
MPRegen 0.17/turn                j - ring of see invisible

@: brilliant, studying Conjurations
A: breathe lightning, AC +7, unfitting armour, electricity resistance,
cold-blooded
a: Breathe Lightning


You were on level 8 of the Dungeon.
You visited 2 branches of the dungeon, and saw 9 of its levels.

You collected 618 gold pieces.

Inventory:

Hand Weapons
 c - the +8 hand axe of Melee {flame, Stlth+}
   (You found it on level 2 of the Dungeon)

   Stlth:     It makes you more stealthy.
Missiles
 k - 4 throwing nets
Magical Staves
 t - a staff of death (weapon)
 w - a staff of air
Jewellery
 d - a +6 ring of intelligence (left hand)
 j - a ring of see invisible (right hand)
 n - an amulet of faith
 u - a ring of resist corrosion
 y - a +5 ring of evasion
 B - a +6 ring of strength
Wands
 i - a wand of flame (17)
 p - a wand of roots (8)
 x - a wand of light (5)
Scrolls
 b - 3 scrolls of summoning
 e - 4 scrolls of teleportation
 o - 2 scrolls of identify
 C - a scroll of fog
Potions
 a - 2 potions of magic
 g - a potion of flight
 h - a potion of lignification
 l - 2 potions of might
 m - a potion of heal wounds
 q - 2 potions of curing
 r - 3 potions of haste
 s - a potion of resistance
 v - a potion of ambrosia
 z - a potion of degeneration
 A - a potion of cancellation
 D - a potion of berserk rage {unknown}


   Skills:
 + Level 3.8 Fighting
 - Level 0.8 Axes
 + Level 1.3 Staves
 + Level 4.8 Dodging
 + Level 4.0 Stealth
 + Level 1.4 Unarmed Combat
 + Level 7.7 Spellcasting
 * Level 12.4 Conjurations


You had 14 spell levels left.
You knew the following spells:

 Your Spells              Type           Power      Damage    Failure   Level
a - Magic Dart            Conj           100%       1d8       1%          1
b - Searing Ray           Conj           100%       2d8       1%          2
c - Dazzling Flash        Conj/Hex       100%       N/A       1%          3
d - Iskenderun's Mystic   Conj/Tloc      62%        2d13      4%          4

Your spell library contained the following spells:

 Spells                   Type           Power      Damage    Failure   Level
 Fulminant Prism          Conj/Hex       31%        3d16      4%          4
 Ensorcelled Hibernation  Hex/Ice        32%        N/A       8%          2
 Spider Form              Tmut/Pois      16%        N/A       16%         3
 Anguish                  Hex/Necr       12%        N/A       45%         4


Dungeon Overview and Level Annotations

Branches:
Dungeon (8/15)             Temple (1/1) D:4
   Lair: D:8-11

Altars:
Ashenzari
Cheibriados
Dithmenos
Elyvilon
Hepliaklqana
Makhleb
Nemelex Xobeh
Okawaru
Qazlal
Ru
Sif Muna
Trog
Uskayaw
Vehumet
Wu Jian
Xom
Yredelemnul
Zin
The Shining One

Shops:
D:3 !   D:5 *

Annotations:
D:6 2 transporters


Innate Abilities, Weirdness & Mutations

You can breathe wild blasts of lightning.
Your glossy black scales are hard. (AC +7)
You cannot fit into any form of body armour.
You are resistant to electric shocks. (rElec)
You are cold-blooded and may be slowed by cold attacks.


Message History

The searing ray hits the hell rat.
The hell rat is heavily wounded.
You finish channelling your searing ray.
The death yak misses you.
The death yak bellows!
You hear a deafening roar!
The death yak gores you!
You hear a bellow!
Casting: Searing Ray (safe; 1% risk of failure)
Confirm with . or Enter, or press ? or * to list all spells.
Aiming: Searing Ray (safe; 1% risk of failure)
Press: ? - help, Shift-Dir - straight line, f - hell rat
Aim: a hell rat (heavily wounded, 83% to hit)
The searing ray hits the death yak.
The death yak is lightly wounded.
The searing ray hits the hell rat!
The hell rat is almost dead. (Press . to maintain the ray.)
A death yak comes into view.
The death yak gores you but does no damage.
The searing ray hits the death yak but does no damage.
The death yak is lightly wounded.
The searing ray misses the hell rat.
The death yak gores you!!
The searing ray hits the death yak but does no damage.
The death yak is lightly wounded.
The searing ray hits the hell rat.
You kill the hell rat!
The searing ray hits the death yak but does no damage.
The death yak gores you!
Your Stealth skill increases to level 4!
The searing ray hits the death yak.
The death yak is lightly wounded.
The searing ray hits the death yak but does no damage.
You finish channelling your searing ray.
The death yak barely misses you.
You feel much better. The death yak gores you!!
You feel clever all of a sudden. The death yak gores you!!
* * * LOW HITPOINT WARNING * * *
The death yak attacks as you move away! The death yak gores you!!
You die... #'##.## #.# . ....(.# #.# .Yr

.#.#.### #.# ... .#####.#
#.# .... ## #.# #.# ..... #
##.# #.#### #..... ## ##.##
#.##.## #......
.###.######.#...####.......
................@Y.YY...$..
.......####.#...####.......
.##.##.# #.##.## #......
###.##.# #.#### #..... #
#.##.# #.# #...# # #.##.#
#.# #+## # #.##.# #.#
###.##.# #.# .......#


You could see 3 death yaks.

Vanquished Creatures
  Psyche (D:8)
  Prince Ribbit (D:7)
  A shadow (D:7)
  3 yaks (D:7)
  3 steam dragons
  A water moccasin (D:5)
  2 sky beasts (D:8)
  A black bear (D:6)
  An ice beast (D:7)
  3 ogres
  3 phantoms
  A kobold brigand (D:7)
  A bullfrog (D:7)
  A necrophage (D:4)
  A scorpion (D:6)
  5 wights (D:8)
  A howler monkey (D:6)
  5 killer bees (D:8)
  4 orc priests
  2 gnoll boudas
  5 hounds
  3 jellies
  3 iguanas
  Natasha (twice) (D:2)
  3 orc wizards
  2 hell rats (D:8)
  9 gnolls
  2 river rats (D:6)
  6 adders
  A shadow imp (D:8)
  2 white imps
  3 worms
  A dart slug (D:2)
  20 orcs
  3 bats
  5 endoplasms
  7 giant cockroaches
  6 goblins
  8 hobgoblins
  10 kobolds
  3 quokkas
  6 ball pythons
  A frilled lizard (D:1)
  24 rats
176 creatures vanquished.

Vanquished Creatures (others)
  Natasha (D:2)
1 creature vanquished.

Grand Total: 177 creatures vanquished

Notes
Turn   | Place    | Note
-------+----------+-------------------------------------------
     0 | D:1      | Barriton the Draconian Conjurer began the quest for the
                  | Orb.
     0 | D:1      | Reached XP level 1. HP: 14/14 MP: 3/3
   212 | D:1      | Found a faded altar of an unknown god.
   225 | D:1      | Reached XP level 2. HP: 20/20 MP: 0/5
   976 | D:2      | Noticed Natasha
   980 | D:2      | Killed Natasha
   981 | D:2      | Reached skill level 5 in Conjurations
   981 | D:2      | Reached XP level 3. HP: 15/26 MP: 1/6
   984 | D:2      | Learned a level 2 spell: Searing Ray
  1189 | D:2      | Reached XP level 4. HP: 30/33 MP: 2/7
  1299 | D:2      | Noticed Natasha
  1303 | D:2      | Killed Natasha
  1305 | D:2      | Noticed Natasha
  1317 | D:2      | Killed Natasha
  1425 | D:2      | Identified the +8 hand axe of Melee {flame, Stlth+}
  2632 | D:3      | Reached XP level 5. HP: 38/38 MP: 0/9
  2716 | D:3      | Identified the +5 dagger of Dishonour {flame, rF+ rC+ rN+}
  2915 | D:3      | Found Asesi's Distillery.
  3241 | D:4      | Noticed a phantom
  3252 | D:4      | Killed a phantom
  3253 | D:4      | Reached skill level 1 in Unarmed Combat
  3253 | D:4      | Reached XP level 6. HP: 44/46 MP: 1/10
  3620 | D:4      | Found a hide-covered altar of Uskayaw.
  3673 | D:4      | Found a basalt altar of Yredelemnul.
  3696 | D:4      | Found a staircase to the Ecumenical Temple.
  3706 | Temple   | Entered the Ecumenical Temple
  4132 | D:4      | Reached skill level 1 in Fighting
  4132 | D:4      | Reached skill level 6 in Conjurations
  4403 | D:5      | Entered Level 5 of the Dungeon
  4458 | D:5      | Your scales start taking on a glossy black colour.
  4458 | D:5      | Reached XP level 7. HP: 36/52 MP: 1/13
  4458 | D:5      | Gained mutation: You are resistant to electric shocks.
                  | (rElec) [Black Draconian growth]
  4686 | D:5      | Learned a level 3 spell: Dazzling Flash
  5042 | D:5      | Found Otitadua's Lightly-Used Armoury.
  5232 | D:5      | Reached skill level 5 in Spellcasting
  5448 | D:5      | Identified a scroll of acquirement
  5448 | D:5      | Acquired a staff of death
  5488 | D:6      | Noticed a steam dragon
  5558 | D:6      | Killed a steam dragon
  5578 | D:6      | Reached XP level 8. HP: 40/59 MP: 8/16
  5678 | D:6      | Reached skill level 7 in Conjurations
  5945 | D:6      | Found a transporter.
  6019 | D:6      | Noticed a kobold demonologist
  6022 | D:6      | Found a transporter.
  6078 | D:6      | Reached skill level 8 in Conjurations
  6292 | D:6      | Found a shimmering altar of Xom.
  6292 | D:6      | Found a sparkling altar of Nemelex Xobeh.
  6624 | D:6      | Found a burning altar of Makhleb.
  7224 | D:7      | Reached skill level 9 in Conjurations
  7434 | D:7      | Reached XP level 9. HP: 64/68 MP: 9/18
  7538 | D:7      | Noticed Prince Ribbit
  7546 | D:7      | Killed Prince Ribbit
  7547 | D:7      | Reached skill level 1 in Staves
  7698 | D:7      | Reached skill level 10 in Conjurations
  7948 | D:7      | Reached skill level 11 in Conjurations
  8651 | D:8      | Noticed Psyche
  8659 | D:8      | Killed Psyche
  8945 | D:8      | Learned a level 4 spell: Iskenderun's Mystic Blast
  8976 | D:8      | Reached skill level 12 in Conjurations
  9347 | D:8      | Found a hazy altar of Hepliaklqana.
  9389 | D:8      | Reached XP level 10. HP: 75/77 MP: 13/21
  9818 | D:8      | Noticed a death yak
  9822 | D:8      | Noticed a death yak
  9831 | D:8      | Noticed a death yak
  9838 | D:8      | Mangled by a death yak

Illustrated notes

Levels and vault maps discovered:
D:1:      minmay_arrival_five_plusses, layout_loops_ring,
          hellmonk_ecumenical_altar_zigzags
D:2:      layout_loops_ring, serial_forest, infiniplex_forest_fountain,
          infiniplex_forest_lined_3_way, infiniplex_forest_end_2,
          infiniplex_forest_straight_3, infiniplex_forest_lined_3,
          kennysheep_nub, kennysheep_decorative_pillar, minmay_rat_hole,
          uniq_natasha
D:3:      layout_basic, serial_shops, nicolae_lakefront_shop, minivault_4,
          serial_bayou_pond_a
D:4:      layout_gridville, mainiacjoe_overflow_alcove_1,
          nicolae_uskayaw_dance_hall, minmay_temple_entry_trees
D:5:      layout_basic, dreamdust_princess_corridor, minmay_shop_damaged
D:6:      gammafunk_wand_slinger, layout_basic, nicolae_overflow_hidden_temple,
          portal_sewer_entry_e, minmay_manual_monolith
D:7:      layout_basic, uniq_prince_ribbit1
D:8:      layout_loops_corners, mainiacjoe_overflow_surrounded_room,
          dpeg_lair_monsters, minmay_misc_feat_doors, uniq_psyche
Temple:   oiseaux_autumnal_temple

Skill      XL: |  1  2  3  4  5  6  7  8  9 10 |
---------------+-------------------------------+-----
Dodging        | 2 3 4 |  4.8
Conjurations   | 5 6 9 12 | 12.4
Stealth        | 2 3 4 |  4.0
Spellcasting   | 3 4 5 6 7 |  7.7
Unarmed Combat | 1 |  1.4
Fighting       | 1 2 3 |  3.8
Staves         | 1 |  1.3
Axes           | |  0.8

Action                     |  1- 3 |  4- 6 |  7- 9 | 10-12 || total
---------------------------+-------+-------+-------+-------++-------
  Melee: Unarmed           |    15 |    43 |       |       ||    58
         Tailslap          |     3 |     4 |     6 |       ||    13
         Punch             |       |     1 |     3 |       ||     4
         Hand axe          |       |    13 |     5 |       ||    18
         Staff             |       |       |    36 |       ||    36
   Cast: Magic Dart        |    36 |   110 |   125 |     6 ||   277
         Searing Ray       |     3 |     5 |    59 |     7 ||    74
         Dazzling Flash    |       |       |     3 |       ||     3
         Iskenderun's Myst |       |       |     3 |       ||     3
Ability: Breathe Lightning |       |       |     3 |       ||     3
    Use: Scroll            |     4 |     7 |    10 |       ||    21
         Potion            |       |       |     1 |     2 ||     3
 Armour: Skin              |     5 |    23 |    42 |     5 ||    75
  Dodge: Dodged            |    15 |    49 |   109 |     6 ||   179

Table legend: (Time is in decaauts)
 A = Elapsed time spent in this place.
 B = Non-inter-level travel time spent in this place.
 C = Inter-level travel time spent in this place.
 D = Time resting spent in this place.
 E = Time spent auto-exploring this place.
 F = Levels seen in this place.
 G = Mean time per level.
                   A        B        C        D        E       F      G
               +--------+--------+--------+--------+--------+-----+--------+
         Total |   9896 |   9612 |    284 |      0 |   8417 |   9 | 1099.6 |
       Dungeon |   9554 |   9391 |    163 |      0 |   8210 |   8 | 1194.2 |
        Temple |    342 |    221 |    121 |      0 |    206 |   1 |  342.0 |
               +--------+--------+--------+--------+--------+-----+--------+

Top non-repeatable levels by time:
     D:6: 1723 daAuts
     D:7: 1428 daAuts
     D:2: 1309 daAuts
     D:8: 1228 daAuts
     D:5: 1086 daAuts
     D:1: 973 daAuts
     D:4: 932 daAuts
     D:3: 872 daAuts
  Temple: 342 daAuts
